Map: Tours du crépuscule

Players

Eager

  • Race: Zerg Zerg
  • League: Gold
  • Spawn Location: 7:00

zidar - Winner!

  • Race: Zerg Zerg
  • League: Gold
  • Spawn Location: 1:00

VOD

Have the link to the VOD?

Description

Time

  • Played on: June 11, 2016, 1:07 p.m.
  • Length: 12:17
Show
View Real Time Build Order
Export as new Build Order

Eager Zerg 

Build Orders: Pool First 

Get SALT Encoding   

  12  0:01  Drone  
  13  0:13  Drone  
  14  0:17  Extractor, Drone  
  14  0:35  Spawning Pool  
  13  0:36  Drone  
  14  0:46  Overlord  
  14  1:21  Zergling x2  
  14  1:22  Zergling x4  
  17  1:27  Metabolic Boost  
  17  1:29  Queen  
  19  1:33  Zergling x2  
  20  1:57  Hatchery  
  20  2:01  Zergling x2  
  20  2:03  Zergling x2  
  21  2:16  Zergling x2  
  21  2:22  Overlord  
  22  2:40  Queen  
  22  2:43  Zergling x4  
  26  2:51  Zergling x2  
  26  2:52  Zergling x4  
  28  3:03  Zergling x2  
  27  3:14  Zergling x4  
  27  3:21  Zergling x4  
  27  3:25  Queen  
  31  3:41  Evolution Chamber  
  31  3:48  Drone  
  31  3:52  Spine Crawler  
  30  4:07  Zergling x4  
  30  4:08  Zergling x4  
  34  4:15  Zerg Melee Weapons Level 1  
  34  4:28  Baneling Nest  
  33  4:31  Drone  
  34  4:54  Overlord  
  34  4:57  Overlord  
  34  5:04  Drone x2  
  36  5:18  Baneling x3  
  34  5:30  Drone x4  
  34  5:31  Drone  
  39  5:55  Roach Warren, Drone x2  
  39  5:56  Extractor  
  39  5:57  Drone  
  40  6:10  Zergling x8  
  44  6:26  Zergling x10  
  43  6:49  Roach  
  43  6:50  Roach x3  
  51  6:58  Overlord  
  51  7:03  Overlord  
  51  7:06  Overlord  
  51  7:36  Drone x3  
  54  7:40  Hatchery  
  53  7:46  Drone x2  
  53  7:47  Drone  
  53  7:51  Drone  
  57  8:05  Drone x2  
  57  8:06  Drone x3  
  57  8:11  Overlord  
  62  8:24  Roach x3  
  68  8:38  Drone x6  
  74  8:47  Drone x2  
  76  8:48  Overlord  
  76  8:51  Overlord  
  76  8:57  Lair  
  76  8:59  Zerg Missile Weapons Level 1  
  76  9:09  Evolution Chamber  
  75  9:16  Queen  
  77  9:17  Drone x2  
  77  9:18  Drone x6  
  77  9:21  Overlord  
  85  9:39  Roach x3  
  91  9:53  Extractor, Drone x3  
  91  9:55  Extractor, Drone x3  
  91  9:57  Drone x4  
  99  10:19  Infestation Pit  
  99  10:20  Glial Reconstitution  
  98  10:22  Hydralisk Den  
  97  10:31  Zergling x16  
  97  10:32  Zergling x2  
  106  11:03  Overlord  
  106  11:04  Overlord x3  
  106  11:11  Overlord x3  
  106  11:23  Roach x9  
  124  11:36  Zergling x2  
  124  11:37  Zergling x18  
  116  11:56  Zergling x8  
Show
View Real Time Build Order
Export as new Build Order

zidar Zerg - Winner!

Build Orders: Pool First 

Get SALT Encoding   

  12  0:01  Drone  
  13  0:12  Overlord  
  13  0:17  Drone  
  14  0:30  Drone x2  
  16  0:37  Drone  
  17  0:50  Spawning Pool  
  17  0:52  Drone  
  17  1:14  Hatchery  
  17  1:16  Drone  
  17  1:22  Drone  
  18  1:27  Extractor  
  18  1:30  Drone  
  18  1:36  Queen  
  18  1:39  Drone  
  21  1:43  Overlord  
  21  1:53  Zergling x2  
  22  2:07  Zergling x2  
  23  2:13  Zergling x2  
  24  2:22  Zergling x2  
  25  2:27  Metabolic Boost  
  25  2:30  Zergling x2  
  25  2:33  Queen  
  26  2:57  Zergling x14  
  19  3:35  Zergling x10  
  19  3:36  Zergling x6  
  27  3:42  Zergling x2  
  28  3:52  Drone  
  29  4:11  Drone x4  
  33  4:35  Queen  
  35  4:46  Roach Warren  
  36  4:52  Drone x3  
  34  5:25  Drone  
  34  5:28  Overlord x3  
  35  5:44  Overlord x2  
  35  5:45  Overlord  
  35  5:49  Drone  
  36  5:53  Drone  
  36  5:55  Drone  
  38  6:10  Drone x3  
  41  6:17  Roach x2  
  44  6:50  Drone  
  44  6:51  Drone x2  
  44  6:53  Drone x2  
  44  6:54  Drone x3  
  51  6:55  Drone  
  51  6:56  Lair  
  53  7:09  Roach  
  53  7:10  Roach x4  
  63  7:22  Evolution Chamber  
  62  7:25  Zergling x2  
  62  7:26  Zergling x6  
  66  7:31  Roach x4  
  76  7:44  Roach x2  
  78  7:54  Roach x2  
  82  8:22  Roach  
  84  8:27  Overlord x3  
  84  8:28  Overlord  
  84  8:38  Zerg Missile Weapons Level 1  
  84  8:39  Hatchery  
  83  8:46  Extractor, Drone x4  
  83  8:47  Drone  
  87  8:49  Overseer  
  87  8:51  Drone  
  87  8:52  Drone x2  
  87  8:55  Extractor  
  89  8:56  Extractor  
  89  9:00  Drone x3  
  91  9:03  Roach  
  93  9:17  Roach  
  93  9:18  Roach  
  97  9:37  Queen  
  99  9:52  Hydralisk Den  
  98  10:00  Roach x12  
  98  10:05  Overlord  
  98  10:06  Overlord  
  98  10:07  Overlord x2  
  122  10:25  Ravager x4  
  127  10:28  Ravager  
  127  10:38  Glial Reconstitution  
  127  11:34  Roach x2  
  127  11:35  Roach x11  
  127  11:36  Ravager  
  154  11:40  Overlord  
  154  11:41  Overlord x5  
Tags
 
Add a new tag
Caveats
  • Supply blocks, unpowered buildings, or Contaminate may cause inaccurate times.
  • Supply counts are checked every 10 seconds.